 Dungeon Crawl Stone Soup version 0.19.0-2-gae57169 (webtiles) character file.

178 Helmschank the Cudgeler (level 5, 0/50 HPs)
             Began as an Ogre Wanderer on Nov 6, 2016.
             Killed from afar by ThomasCovenant's ghost (7 damage)
             ... with a magic dart
             ... on level 3 of the Dungeon.
             The game lasted 00:15:15 (4589 turns).

Helmschank the Cudgeler (Ogre Wanderer)             Turns: 4589, Time: 00:15:15

Health: 0/50       AC:  3    Str: 19    XL:     5   Next: 58%
Magic:  5/5        EV: 10    Int:  9    God:
Gold:   140        SH:  0    Dex: 10    Spells: 0 memorised, 4 levels left

rFire  . . .     SeeInvis .     a - +0 flail
rCold  . . .     Gourm    .     c - +0 robe
rNeg   . . .     Faith    .     (no shield)
rPois  .         Spirit   .     (helmet restricted)
rElec  .         Reflect  .     (no cloak)
rCorr  .         Harm     .     (gloves unavailable)
MR     .....                    (boots unavailable)
Stlth  +.........               (no amulet)
                                (no ring)
                                (no ring)

@: no status effects
A: unfitting armour, tough skin 1
a: no special abilities


You were on level 3 of the Dungeon.
You were not hungry.

You visited 1 branch of the dungeon, and saw 3 of its levels.

You collected 140 gold pieces.

Inventory:

Hand Weapons
 a - a +0 flail (weapon)
 b - a +0 blowgun
Missiles
 U - 44 stones (quivered)
 Z - 2 large rocks
Armour
 c - a +0 robe (worn)
Jewellery
 p - a cursed amulet of magic regeneration {unknown}
Scrolls
 e - a scroll of immolation {unknown}
 g - a scroll of blinking {unknown}
 h - a scroll of amnesia {unknown}
 j - a scroll of identify {unknown}
 q - a scroll of magic mapping {unknown}
 s - a scroll of fog {unknown}
 t - a scroll of remove curse {unknown}
Potions
 i - a potion of invisibility {unknown}
 k - a potion of curing
 l - a potion of degeneration {unknown}
 r - a potion of heal wounds {unknown}
Books
 d - a book of Callings

   Spells                             Type                      Level
   a - Summon Small Mammal            Summoning                    1
   b - Call Imp                       Summoning                    2
   c - Call Canine Familiar           Summoning                    3
   d - Summon Guardian Golem          Hexes/Summoning              3
   e - Summon Lightning Spire         Summoning/Air                4
   f - Summon Ice Beast               Ice/Summoning                4
Comestibles
 f - 2 bread rations
 m - a chunk of flesh
 n - 3 fruits
 o - 2 meat rations


   Skills:
 - Level 2.6 Fighting
 - Level 6.0 Maces & Flails
 - Level 1.0 Throwing
 + Level 2.2 Dodging
 - Level 1.0 Stealth
   Level 2.9 Summonings
   Level 1.0 Necromancy


You had 4 spell levels left.
You didn't know any spells.

Dungeon Overview and Level Annotations

Branches:
Dungeon (3/15)

Altars:

Annotations:
D:3 ThomasCovenant's ghost, amateur DrCj


Innate Abilities, Weirdness & Mutations

You are too large for most types of armour.
You have tough skin. (AC +1)


Message History

You hit ThomasCovenant's ghost.
ThomasCovenant's ghost is heavily damaged.
ThomasCovenant's ghost barely misses you.
You hit ThomasCovenant's ghost but do no damage.
ThomasCovenant's ghost is heavily damaged.
ThomasCovenant's ghost hits you!
ThomasCovenant's ghost casts a spell at you.
The magic dart hits you!
* * * LOW HITPOINT WARNING * * *
ThomasCovenant's ghost points at you and mumbles some strange words.
The magic dart hits you!
* * * LOW HITPOINT WARNING * * *
Things that are here:
a trident of freezing; a ring mail; an orc skeleton ThomasCovenant's ghost casts a spell at you.
The magic dart hits you!
* * * LOW HITPOINT WARNING * * *
ThomasCovenant's ghost points at you and mumbles some strange words.
The magic dart hits you!
You die...

#.# #.......##############
#.# ##.......# #.W... ..#
#........#########.###. .##
#........##......#.# #) .#
#......####.##.###.###. ##
#......# #..#..W...##. #
#####......#####.#......###
# #..............W.#......#
#.###.....@#######......#
#.#..#......).# #......#
#.#)<...####''###########
#.#.#..##≈≈≈..≈≈≈#
#.#.....#≈......≈#
#.#.....#≈..###.≈#
#.#.###.#≈.#..#.≈#
#.......#≈.#.)#.≈#
####.##.#≈.###..≈#


You could see ThomasCovenant's ghost.

Vanquished Creatures
  4 gnolls
  6 adders
  3 dart slugs
  2 leopard geckos
  An orc (D:3)
  3 ball pythons
  3 giant cockroaches
  7 goblins
  5 hobgoblins
  8 jackals (D:1)
  A quokka (D:3)
  10 bats
  5 frilled lizards
  15 kobolds
  8 rats
81 creatures vanquished.

Notes
Turn   | Place    | Note
-------+----------+-------------------------------------------
     0 | D:1      | Helmschank the Ogre Wanderer began the quest for the Orb.
     0 | D:1      | Helmschank set off with: a book of Callings, a +0 robe, a potion of lignification, a +0 club, a bread ration
     0 | D:1      | Reached XP level 1. HP: 22/22 MP: 1/1
   360 | D:1      | Reached XP level 2. HP: 24/29 MP: 2/2
   435 | D:1      | Reached skill level 1 in Maces & Flails
   935 | D:1      | Reached skill level 2 in Maces & Flails
  1040 | D:1      | Reached XP level 3. HP: 33/36 MP: 3/3
  1463 | D:1      | Reached skill level 3 in Maces & Flails
  2061 | D:2      | Reached XP level 4. HP: 43/44 MP: 4/4
  2139 | D:2      | Reached skill level 4 in Maces & Flails
  2774 | D:1      | Reached skill level 5 in Maces & Flails
  3059 | D:2      | Reached XP level 5. HP: 48/50 MP: 5/5
  3677 | D:3      | Noticed a big kobold
  3934 | D:2      | Reached skill level 6 in Maces & Flails
  4554 | D:3      | Noticed ThomasCovenant's ghost (amateur DrCj)
  4589 | D:3      | Killed from afar by ThomasCovenant's ghost

Skill      XL: |  1  2  3  4  5 |
---------------+----------------+-----
Maces & Flails | 2 3 5 6 |  6.0
Dodging        | 2 |  2.2
Fighting       | |  2.6
Throwing       | |  1.0
Stealth        | |  1.0
Summonings     | |  2.9
Necromancy     | |  1.0

Action                   |  1- 3 |  4- 6 || total
-------------------------+-------+-------++-------
Melee: Club              |   196 |   140 ||   336
       Whip              |       |   105 ||   105
       Flail             |       |     6 ||     6
 Fire: Blowgun           |       |     4 ||     4
Throw: Stone             |    14 |    21 ||    35
  Use: Potion            |       |     2 ||     2
 Stab: Sleeping          |     4 |       ||     4
  Eat: Chunk             |     4 |     8 ||    12
Armor: Robe              |    83 |    44 ||   127
       Skin              |       |     2 ||     2
Dodge: Dodged            |   135 |   146 ||   281
